 Dungeon Crawl Stone Soup version 0.28-a0-472-g50180c0d78 (webtiles) character file.

Game seed: 11646852469878565776

166 GordonOverkill the Magician (level 5, -1/25 HPs)
             Began as a Felid Necromancer on Sept 15, 2021.
             Slain by an ufetubus (2 damage)
             ... on level 4 of the Dungeon.
             The game lasted 00:08:44 (6296 turns).

GordonOverkill the Magician (Felid Necromancer)     Turns: 6296, Time: 00:08:45

Health: -1/25      AC:  2    Str:  4    XL:     5   Next: 22%
Magic:  12/12      EV: 17    Int: 18    God:
Gold:   80         SH:  0    Dex: 17    Spells: 5/12 levels left
                                        Lives:  0   Deaths: 1

rFire   + . .      SeeInvis +   (weapon unavailable)
rCold   . . .      Faith    .   (shield unavailable)
rNeg    . . .      Spirit   .   (armour unavailable)
rPois   .          Reflect  .   (helmet unavailable)
rElec   .          Harm     .   (cloak unavailable)
rCorr   +          Rampage  .   (gloves unavailable)
Will    .....                   (boots unavailable)
Stlth   ++........              e - amulet of magic regeneration
HPRegen 0.08/turn               f - ring of resist corrosion
MPRegen 0.38/turn               b - ring of protection from fire

@: quick
A: very small, claws 1, fangs 3, see invisible, speed 1, shaggy fur 2, stealthy
paws, no weapons or thrown items, no armour, multi-lived
a: no special abilities


You were on level 4 of the Dungeon.
You visited 1 branch of the dungeon, and saw 4 of its levels.

You collected 80 gold pieces.

Inventory:

Jewellery
 b - a ring of protection from fire (right paw)
 e - an amulet of magic regeneration (around neck)
 f - a ring of resist corrosion (left paw)
Wands
 h - a wand of polymorph (4)
Scrolls
 a - a scroll of teleportation
 d - a scroll of immolation
 g - a scroll of identify
Potions
 c - a potion of might


   Skills:
 + Level 4.0 Fighting
 - Level 2.6 Dodging
 - Level 2.6 Stealth
 + Level 4.3 Spellcasting
 + Level 0.5 Conjurations
 - Level 4.0 Necromancy
 + Level 0.7 Air Magic
 + Level 0.5 Poison Magic
 + Level 0.5 Evocations


You had 5 spell levels left.
You knew the following spells:

 Your Spells              Type           Power      Damage    Failure   Level
a - Pain                  Necr           72%        1d7       2%          1
b - Vampiric Draining     Necr           9%         2d7       9%          3
c - Mephitic Cloud        Conj/Pois/Air  6%         N/A       32%         3

Your spell library contained the following spells:

 Spells                   Type           Power      Damage    Failure   Level
 Animate Skeleton         Necr           36%        N/A       2%          1
 Magic Dart               Conj           20%        1d4       12%         1
 Beastly Appendage        Tmut           6%         N/A       14%         1
 Call Imp                 Summ           3%         N/A       22%         2
 Wereblood                Tmut           3%         N/A       22%         2
 Animate Dead             Necr           9%         N/A       26%         4
 Dazzling Flash           Conj/Hex       8%         N/A       36%         3
 Spider Form              Tmut/Pois      2%         N/A       36%         3
 Agony                    Necr           18%        N/A       58%         5
 Iskenderun's Mystic Bla  Conj/Tloc      4%         2d3       77%         4
 Starburst                Conj/Fire      2%         6d3       100%        6


Dungeon Overview and Level Annotations

Branches:
Dungeon (4/15)
 Temple: D:4-7

Altars:
Makhleb
Zin


Innate Abilities, Weirdness & Mutations

You have sharp claws.
You have razor-sharp teeth.
You have supernaturally acute eyesight. (SInv)
You cover ground quickly. (Speed+)
You are covered in thick fur. (AC +2)
Your paws help you pounce on unaware monsters.
You are incapable of wielding weapons or throwing items.
You cannot wear armour.
You gain extra lives every three experience levels.


Message History

The ufetubus hits you. x2
You closely miss the ufetubus.
The ufetubus is heavily wounded.
The ufetubus hits you. x2
* * * LOW HITPOINT WARNING * * *
You closely miss the ufetubus.
The ufetubus is heavily wounded.
The ufetubus hits you but does no damage.
The ufetubus hits you.
* * * LOW HITPOINT WARNING * * *
The ufetubus misses you. The ufetubus barely misses you.
You miss the ufetubus.
The ufetubus is heavily wounded.
The ufetubus misses you. The ufetubus completely misses you.
You barely miss the ufetubus.
The ufetubus is heavily wounded.
The ufetubus closely misses you. The ufetubus hits you.
* * * LOW HITPOINT WARNING * * *
The ufetubus closely misses you. The ufetubus misses you.
You scratch the ufetubus.
The ufetubus is severely wounded.
The ufetubus hits you.
* * * LOW HITPOINT WARNING * * *
The ufetubus closely misses you.
You completely miss the ufetubus.
The ufetubus is severely wounded.
The ufetubus hits you but does no damage. x2
The ufetubus hits you.
* * * LOW HITPOINT WARNING * * *
The ufetubus hits you.
* * * LOW HITPOINT WARNING * * *
You scratch the ufetubus.
The ufetubus is almost dead.
The ufetubus hits you.
* * * LOW HITPOINT WARNING * * *
The ufetubus misses you.
You scratch the ufetubus but do no damage.
The ufetubus is almost dead.
The ufetubus barely misses you. The ufetubus hits you.
You die...

# # # # .#.
#.#. #.#
....# #.# #
.....#
#.###.#
......##.?...
.......#..#
......5@<.#
........$.#
#.....#...#
##........#
#..##.#...
#.. #.#.###
#$ #(... #
###<#


You could see an ufetubus.

Vanquished Creatures
  A water moccasin (D:3)
  Crazy Yiuf (D:2)
  Terence (D:2)
  2 orc wizards (D:3)
  Robin (D:1)
  2 adders
  A dart slug (D:2)
  3 orcs (D:3)
  9 endoplasms
  A giant cockroach (D:2)
  14 goblins
  12 hobgoblins
  5 jackals
  2 kobolds (D:3)
  2 quokkas (D:3)
  7 ball pythons
  4 bats
  3 frilled lizards
  4 rats
75 creatures vanquished.

Notes
Turn   | Place    | Note
-------+----------+-------------------------------------------
     0 | D:1      | GordonOverkill the Felid Necromancer began the quest for
                  | the Orb.
     0 | D:1      | Reached XP level 1. HP: 7/7 MP: 4/4
   480 | D:1      | Found a faded altar of an unknown god.
   830 | D:1      | Reached skill level 1 in Fighting
   921 | D:1      | Reached XP level 2. HP: 9/12 MP: 1/6
  2090 | D:2      | Found a runed translucent door.
  2091 | D:2      | Noticed Crazy Yiuf
  2421 | D:2      | Found a glowing silver altar of Zin.
  2506 | D:2      | Reached XP level 3. HP: 5/16 MP: 1/8
  3180 | D:2      | Noticed Terence
  3214 | D:2      | Killed Terence
  3215 | D:2      | Reached XP level 4. HP: 12/20 MP: 2/9
  3689 | D:2      | Noticed Robin
  3729 | D:1      | Killed Robin
  4512 | D:2      | Killed Crazy Yiuf
  4751 | D:3      | Noticed a water moccasin
  4759 | D:3      | Killed a water moccasin
  4760 | D:3      | Reached XP level 5. HP: 17/25 MP: 3/12
  4866 | D:3      | Learned a level 3 spell: Vampiric Draining
  4870 | D:3      | Learned a level 3 spell: Mephitic Cloud
  4870 | D:3      | Found a burning altar of Makhleb.
  5406 | D:3      | Gained mutation: You are covered in thick fur. (AC +2)
                  | [Felid growth]
  5406 | D:3      | Reached XP level 6. HP: 11/28 MP: 5/13
  6258 | D:4      | Killed by miscasting Mephitic Cloud
  6259 | D:4      | Reached XP level 5. HP: -3/25 MP: 10/12
  6295 | D:4      | HP: 1/25 [ufetubus (3)]
  6296 | D:4      | Slain by an ufetubus

Illustrated notes

Levels and vault maps discovered:
D:1:      minmay_arrival_shoal_huts, layout_basic,
          hellmonk_ecumenical_altar_leap_of_faith
D:2:      layout_basic, basic_altar, uniq_crazy_yiuf_cottage, uniq_robin,
          uniq_terence
D:3:      layout_basic, bloody_makhleb, serial_glass, glass_columns_c,
          glass_columns_a
D:4:      layout_loops_ring

Skill      XL: |  1  2  3  4  5  6 |
---------------+-------------------+-----
Fighting       | 1 2 3 4 |  4.0
Spellcasting   | 3 4 |  4.3
Dodging        | |  2.6
Stealth        | |  2.6
Conjurations   | |  0.5
Necromancy     | |  4.0
Air Magic      | |  0.7
Poison Magic   | |  0.5
Evocations     | |  0.5

Action                   |  1- 3 |  4- 6 || total
-------------------------+-------+-------++-------
Melee: Unarmed           |       |    23 ||    23
 Cast: Pain              |    73 |   105 ||   178
       Vampiric Draining |       |     1 ||     1
  Use: Scroll            |     3 |     1 ||     4
 Stab: Sleeping          |       |     1 ||     1
Armor: Skin              |       |     7 ||     7
Dodge: Dodged            |    16 |    68 ||    84

Table legend: (Time is in decaauts)
 A = Elapsed time spent in this place.
 B = Non-inter-level travel time spent in this place.
 C = Inter-level travel time spent in this place.
 D = Time resting spent in this place.
 E = Time spent auto-exploring this place.
 F = Levels seen in this place.
 G = Mean time per level.
                   A        B        C        D        E       F      G
               +--------+--------+--------+--------+--------+-----+--------+
         Total |   5857 |   5649 |    208 |   3677 |   1291 |   4 | 1464.2 |
       Dungeon |   5857 |   5649 |    208 |   3677 |   1291 |   4 | 1464.2 |
               +--------+--------+--------+--------+--------+-----+--------+

Top non-repeatable levels by time:
     D:1: 2867 daAuts
     D:2: 1579 daAuts
     D:3: 1378 daAuts
     D:4: 32 daAuts
